 Dungeon Crawl Stone Soup version 0.28.0-47-ge53b351184 (webtiles) character file.

Game seed: 10737689624447595916

108 acdeimund the Poker (level 4, -3/35 HPs)
             Began as a Merfolk Gladiator on May 2, 2022.
             Slain by Grinder (13 damage)
             ... on level 3 of the Dungeon.
             The game lasted 00:07:27 (2361 turns).

acdeimund the Poker (Merfolk Gladiator)             Turns: 2361, Time: 00:07:28

Health: -3/35      AC:  4    Str: 16    XL:     4   Next: 87%
Magic:  4/4        EV: 13    Int:  7    God:
Gold:   78         SH:  0    Dex: 15    Spells: 3/3 levels left

rFire   . . .      SeeInvis .   h - +2 spear (vorpal)
rCold   . . .      Faith    .   (no shield)
rNeg    + . .      Spirit   .   b - +0 leather armour
rPois   .          Reflect  .   c - +0 helmet
rElec   .          Harm     .   (no cloak)
rCorr   .          Rampage  .   (no gloves)
Will    .....                   (no boots)
Stlth   +.........              (no amulet)
HPRegen 0.11/turn               l - ring of positive energy
MPRegen 0.09/turn               (no ring)

@: no status effects
A: (nimble swimmer 2), mertail
a: no special abilities


You were on level 3 of the Dungeon.
You visited 1 branch of the dungeon, and saw 3 of its levels.

You collected 78 gold pieces.

Inventory:

Hand Weapons
 a - a +0 trident
 h - a +2 vorpal spear (weapon)
Missiles
 e - 2 datura-tipped darts (quivered)
Armour
 b - a +0 leather armour (worn)
 c - a +0 helmet (worn)
Jewellery
 j - a ring of ice
 l - a ring of positive energy (left hand)
Scrolls
 g - a scroll of noise
 n - a scroll of holy word


   Skills:
 + Level 3.3 Fighting
 + Level 5.4 Polearms
 + Level 3.0 Throwing
 + Level 5.0 Dodging


You had 3 spell levels left.
You didn't know any spells.
Your spell library contained the following spells:

 Spells                   Type           Power      Damage    Failure   Level
 Blink                    Tloc           0%         N/A       65%         2
 Lesser Beckoning         Tloc           0%         N/A       86%         3
 Manifold Assault         Tloc           0%         N/A       100%        5


Dungeon Overview and Level Annotations

Branches:
Dungeon (3/15)

Altars:

Annotations:
D:3 Grinder


Innate Abilities, Weirdness & Mutations

((You are very nimble when in or above water. (Stealth+, EV+, Speed+++)))
Your lower body shifts to a powerful aquatic tail in water.


Message History

You hit Grinder but do no damage.
Grinder is moderately wounded.
Grinder misses you. Grinder barely misses you.
Throw: 3 darts (datura)
Press: ? - help, Q - select action Shift-Dir - straight line, f/p - Grinder
Aim: Grinder (moderately wounded, fast, strong, frenzied and insane, 57% to hit, immune)
You throw a datura-tipped dart.
The datura-tipped dart closely misses Grinder.
Grinder hits you!
You hit Grinder but do no damage.
Grinder is moderately wounded.
Grinder barely misses you.
You hit Grinder.
Grinder is heavily wounded.
Grinder closely misses you. Grinder hits you.
You hit Grinder.
Grinder is heavily wounded.
Grinder barely misses you.
You hit Grinder.
Grinder is severely wounded.
Grinder barely misses you.
You hit Grinder but do no damage.
Grinder is severely wounded.
Grinder barely misses you.
You hit Grinder.
Grinder is almost dead.
Grinder hits you!
You barely miss Grinder.
Grinder is almost dead.
Grinder hits you.
* * * LOW HITPOINT WARNING * * *
You writhe in agony.
* * * LOW HITPOINT WARNING * * *
Grinder closely misses you.
You feel better. Grinder hits you!
* * * LOW HITPOINT WARNING * * *
You writhe in agony.
* * * LOW HITPOINT WARNING * * *
You feel better. Grinder hits you!
You die...

,,,....."...,,,,,,******,*,***,*,
,,,,.......,,,,,,,*#..,,,,,,,*,*,
,,,,,....5.,,,,,,,*#.#**,*,*,*,*,
,,,,,,.....,,,,,,,*#.# *,,,*,*,*,
,,,,,,,...#***,,,,*#.# **,,*,*,*,
,,,,,,,,..# *,,,,*#.# *,,*,*,*,
******,,#.# ******#.#***,,*,*,*,
* *,,#.##########.#,,,,,,,*,*, *
*,,#((....5@....#+###.##*,*, *
*,,############.<......),,*, **
*,,,,* #.......##***, ,*****,**,*
#......># *, ,**,,,,**,*
#......## *, ,,,,_,,,*,*
#......#*****, ,**,,,***,*
#........,,,,, ,****** *,*
#.......##**** ** *,*
#.......#**,*,


You could see the neutral Grinder (fast, strong, insane).

Vanquished Creatures
  Terence (D:2)
  Robin (D:2)
  2 adders (D:2)
  A worm (D:2)
  A dart slug (D:2)
  An orc (D:2)
  3 bats
  5 endoplasms
  3 goblins (D:2)
  10 hobgoblins
  A quokka (D:1)
  3 ball pythons
  3 frilled lizards
  6 kobolds
  6 rats
47 creatures vanquished.

Notes
Turn   | Place    | Note
-------+----------+-------------------------------------------
     0 | D:1      | acdeimund the Merfolk Gladiator began the quest for the
                  | Orb.
     0 | D:1      | Reached XP level 1. HP: 16/16 MP: 1/1
   459 | D:1      | Reached XP level 2. HP: 9/23 MP: 2/2
  1249 | D:2      | Noticed Terence
  1253 | D:2      | Killed Terence
  1254 | D:2      | Reached skill level 5 in Polearms
  1254 | D:2      | Reached XP level 3. HP: 28/28 MP: 3/3
  1293 | D:2      | Found a faded altar of an unknown god.
  1313 | D:2      | Reached XP level 4. HP: 34/34 MP: 4/4
  1768 | D:2      | Noticed Robin
  1775 | D:2      | Killed Robin
  2068 | D:2      | Reached skill level 5 in Dodging
  2332 | D:3      | Noticed Grinder
  2339 | D:3      | Paralysed by Grinder for 3 turns
  2361 | D:3      | Slain by Grinder

Illustrated notes

Levels and vault maps discovered:
D:1:      ncdulo_watergridlock, layout_basic
D:2:      minmay_chambers_of_ones, layout_loops_ring,
          chequers_ecumenical_altar_island, uniq_robin, uniq_terence
D:3:      layout_basic, cheibriados_altar_1, general_overflow_altar,
          uniq_grinder, uniq_ijyb

Skill      XL: |  1  2  3  4 |
---------------+-------------+-----
Polearms       | 5 |  5.4
Fighting       | 3 |  3.3
Throwing       | 3 |  3.0
Dodging        | 5 |  5.0

Action                   |  1- 3 |  4- 6 || total
-------------------------+-------+-------++-------
Melee: Trident           |    64 |       ||    64
       Punch             |     1 |     2 ||     3
       Spear             |    20 |    92 ||   112
       Tailslap          |     1 |       ||     1
Throw: Throwing net      |     2 |     3 ||     5
       Dart              |       |     2 ||     2
  Use: Scroll            |       |     4 ||     4
       Potion            |       |     2 ||     2
 Stab: Held in net/web   |     1 |     2 ||     3
       Sleeping          |     3 |     3 ||     6
Armor: Leather armour    |    21 |    11 ||    32
Dodge: Dodged            |    42 |    43 ||    85
